 Dungeon Crawl Stone Soup version 0.27-a0-328-g7f782ed93a (webtiles) character file.

Game seed: 4343433833132925572

53 CurlyBrace the Caller (level 3, -4/16 HPs)
             Began as a Felid Summoner on Feb 11, 2021.
             Splashed by a jelly's acid (8 damage)
             ... on level 5 of the Dungeon.
             The game lasted 00:05:06 (527 turns).

CurlyBrace the Caller (Felid Summoner)               Turns: 527, Time: 00:05:07

Health: -4/16      AC: -3    Str:  5    XL:     3   Next: 64%
Magic:  3/7        EV: 18    Int: 16    God:
Gold:   29         SH:  0    Dex: 16    Spells: 5/6 levels left
                                        Lives:  0   Deaths: 0

rFire    + . .     SeeInvis +     - Unarmed
rCold    . . .     Faith    .   (shield unavailable)
rNeg     . . .     Spirit   .   (armour unavailable)
rPois    .         Reflect  .   (helmet unavailable)
rElec    .         Harm     .   (cloak unavailable)
rCorr    .         Rampage  .   (gloves unavailable)
Will     .....                  (boots unavailable)
Stlth    +++.......             (no amulet)
HPRegen  0.05/turn              f - ring of protection from fire
MPRegen  0.10/turn              (no ring)

@: lethally poisoned (-4 -> -7), corroded, quick
A: very small, no armour, no weapons or thrown items, stealth, claws 1, fangs 3,
see invisible, speed 1, shaggy fur 1, sharp paws
a: no special abilities


You were on level 5 of the Dungeon.
You visited 1 branch of the dungeon, and saw 6 of its levels.

You collected 29 gold pieces.

Inventory:

Jewellery
 f - a ring of protection from fire (left paw)
   (You found it on level 3 of the Dungeon)
Wands
 v - a wand of digging (2)
   (You found it on level 6 of the Dungeon)
Scrolls
 a - a scroll of identify {unknown}


   Skills:
 - Level 2.0 Fighting
 - Level 3.0 Dodging
 - Level 3.0 Stealth
 + Level 2.1 Unarmed Combat
 - Level 2.0 Spellcasting
 - Level 4.0 Summonings


You had 5 spell levels left.
You knew the following spells:

 Your Spells              Type           Power        Failure   Level
a - Summon Small Mammal   Summ           56%          4%          1

Your spell library contained the following spells:

 Spells                   Type           Power        Failure   Level
 Call Imp                 Summ           14%          6%          2
 Call Canine Familiar     Summ           14%          12%         3
 Summon Guardian Golem    Hex/Summ       8%           26%         3
 Summon Ice Beast         Ice/Summ       8%           65%         4
 Summon Lightning Spire   Summ/Air       8%           65%         4


Dungeon Overview and Level Annotations

Branches:
Dungeon (6/15)
 Temple: D:4-7

Altars:
Elyvilon
Gozag
Hepliaklqana
Qazlal
Yredelemnul
The Shining One

Shops:
D:5 [

Annotations:
D:4 exclusion: centaur
D:6 exclusion: orc


Innate Abilities, Weirdness & Mutations

You cannot wear armour.
You are incapable of wielding weapons or throwing items.
Your paws allow you to move quietly. (Stealth)
You have sharp claws.
You have razor-sharp teeth.
You have supernaturally acute eyesight. (SInv)
You cover ground quickly.
You are covered in fur. (AC +1)
Your sharp claws are effective at attacking unaware monsters.


Message History

The adder poisons your bat!
The giant cockroach zombie barely misses your rat.
Your rat bites the giant cockroach zombie.
Your bat misses the adder. The adder barely misses your bat.
Your bat dies!
Your bat's corpse disappears in a puff of smoke!
The giant cockroach zombie bites your rat.
Your rat dies!
Your rat's corpse disappears in a puff of smoke!
Your quokka bites the adder.
The adder closely misses your quokka. What are your orders? t - Meow!
Orders for allies: a - Attack new target. r - Retreat! s - Stop attacking. g - Guard the area. f - Follow me.
Anything else - Cancel.
Gang up on whom?
Press: ? - help, Dir - move target, f - adder
Aim: an adder (blue smoke, heavily wounded) Attack!
You feel sick.
Your quokka barely misses the adder.
The adder bites your quokka.
Your quokka bites the adder.
Casting: Summon Small Mammal (safe; 4% risk of failure)
Confirm with . or Enter, or press ? or * to list all spells.
The adder completely misses your quokka.
Your quokka bites the adder.
The adder barely misses your quokka.
Your quokka closely misses the adder.
You swap places.
A jelly comes into view.
The adder barely misses your quokka.
Your quokka closely misses the adder.
Something bites your quokka.
Found 3 scrolls labelled DUOMUMUWKI.
You pounce on the unaware helpless jelly!
You claw the jelly!
Your paws burn!
The jelly is heavily wounded.
You feel sick. The jelly hits you.
* * * LOW HITPOINT WARNING * * *
The acid corrodes you!
You are splashed with acid!
Ouch! That really hurt!
You die...

##############
#..Z.Sr....r.#
#.##########@#
#.# #J# #.#
#.# #.######
#.#
#####.#....#
#.#
...........+
...
#####.#....#
#.# #.#....#
#?# #.#....#


You could see a jelly, an adder, a friendly quokka (summoned) and a friendly rat
(summoned).

Vanquished Creatures
  A dart slug (D:1)
  3 orcs (D:4)
  A bat (D:1)
  A giant cockroach (D:4)
  A goblin (D:3)
  A hobgoblin (D:1)
  A frilled lizard (D:3)
  2 rats (D:1)
11 creatures vanquished.

Vanquished Creatures (collateral kills)
  A hound (D:4)
  An adder (D:4)
  A giant cockroach (D:3)
3 creatures vanquished.

Grand Total: 14 creatures vanquished

Notes
Turn   | Place    | Note
-------+----------+-------------------------------------------
     0 | D:1      | CurlyBrace the Felid Summoner began the quest for the Orb.
     0 | D:1      | Reached XP level 1. HP: 7/7 MP: 4/4
   217 | D:3      | Reached XP level 2. HP: 9/12 MP: 6/6
   250 | D:5      | Entered Level 5 of the Dungeon
   251 | D:5      | Found Puar's Armour Emporium.
   259 | D:4      | Found an opulent altar of Gozag.
   259 | D:4      | Noticed a centaur
   265 | D:3      | Found a stormy altar of Qazlal.
   296 | D:4      | Reached skill level 1 in Fighting
   296 | D:4      | Reached skill level 1 in Unarmed Combat
   355 | D:4      | Reached XP level 3. HP: 10/16 MP: 3/7
   364 | D:5      | Found a glowing golden altar of the Shining One.
   415 | D:6      | Found a basalt altar of Yredelemnul.
   415 | D:6      | Found a hazy altar of Hepliaklqana.
   415 | D:6      | Found a white marble altar of Elyvilon.
   452 | D:5      | Noticed a scorpion
   527 | D:5      | Splashed by a jelly's acid

Illustrated notes

Levels and vault maps discovered:
D:1:      minmay_arrival_semitransparent, layout_loops_corners
D:2:      layout_basic
D:3:      layout_basic, nicolae_overflow_hidden_temple
D:4:      layout_loops_ring, kiku_gazebo_garden_becter, lemuel_doored_altar,
          grunt_gozag_statues
D:5:      layout_basic, fedhas_altar_fruit_tree, lemuel_crystal_altar,
          serial_shops, nicolae_shop_crystal, nicolae_shop_stone,
          nicolae_shop_behind_doors
D:6:      layout_loops_cross, fiery_altar_vehumet, kennysheep_mini_moat,
          gammafunk_temple_overflow_forgotten

Skill      XL: |  1  2 |
---------------+-------+-----
Fighting       | 2 |  2.0
Dodging        | 3 |  3.0
Stealth        | 3 |  3.0
Unarmed Combat | 2 |  2.1
Spellcasting   | |  2.0
Summonings     | |  4.0

Action                   || total
-------------------------++-------
Melee: Unarmed           ||    34
       Bite              ||     2
 Cast: Summon Small Mamm ||    11
 Stab: Sleeping          ||     7
Armor: Skin              ||     2
Dodge: Dodged            ||    32

Table legend: (Time is in decaauts)
 A = Elapsed time spent in this place.
 B = Non-inter-level travel time spent in this place.
 C = Inter-level travel time spent in this place.
 D = Time resting spent in this place.
 E = Time spent auto-exploring this place.
 F = Levels seen in this place.
 G = Mean time per level.
                   A        B        C        D        E       F      G
               +--------+--------+--------+--------+--------+-----+--------+
         Total |    438 |    438 |      0 |      0 |      0 |   6 |   73.0 |
       Dungeon |    438 |    438 |      0 |      0 |      0 |   6 |   73.0 |
               +--------+--------+--------+--------+--------+-----+--------+

Top non-repeatable levels by time:
     D:5: 121 daAuts
     D:1: 106 daAuts
     D:4: 93 daAuts
     D:3: 62 daAuts
     D:2: 39 daAuts
     D:6: 16 daAuts
